 Dungeon Crawl Stone Soup version 0.29.1-1-gd02db6906a (webtiles) character file.

Game seed: 12889261993219095072

147 LustLizard the Trooper (level 5, -9/42 HPs)
             Began as a Demonspawn Fighter on Oct 8, 2022.
             Was an Initiate of Okawaru.
             Mangled by an ogre
             ... wielding a +0 giant club
              (13 damage)
             ... on level 4 of the Dungeon.
             The game lasted 00:03:39 (3137 turns).

LustLizard the Trooper (Demonspawn Fighter)         Turns: 3137, Time: 00:03:40

Health: -9/42      AC:  9    Str: 16    XL:     5   Next: 7%
Magic:  5/5        EV:  8    Int:  9    God:    Okawaru [......]
Gold:   160        SH:  5    Dex: 15    Spells: 4/4 levels left

rFire   . . .      SeeInvis .   a - +0 long sword
rCold   . . .      Faith    .   c - +0 buckler
rNeg    + . .      Spirit   .   b - +0 scale mail
rPois   .          Reflect  .   i - +0 helmet
rElec   .          Harm     .   (no cloak)
rCorr   .          Rampage  .   (no gloves)
Will    .....                   (no boots)
Stlth   ..........              (no amulet)
HPRegen 0.14/turn               n - ring of positive energy
MPRegen 0.09/turn               (no ring)

@: no status effects
A: thin metallic scales 1, (demonic guardian 1), weakness stinger 1
a: Renounce Religion


You were on level 4 of the Dungeon.
You worshipped Okawaru.
Okawaru was noncommittal.
You visited 1 branch of the dungeon, and saw 4 of its levels.

You collected 160 gold pieces.

Inventory:

Hand Weapons
 a - a +0 long sword (weapon)
Missiles
 f - 4 stones (quivered)
 j - 4 poisoned darts
Armour
 b - a +0 scale mail (worn)
 c - a +0 buckler (worn)
 i - a +0 helmet (worn)
Jewellery
 n - a ring of positive energy (left hand)
Scrolls
 e - a scroll of immolation {unknown}
 l - a scroll of teleportation {unknown}
 m - a scroll of enchant armour {unknown}
 o - a scroll of magic mapping {unknown}
 p - a scroll of enchant weapon {unknown}
 r - a scroll of butterflies {unknown}
Potions
 d - a potion of might
 g - a potion of curing
 h - a potion of flight
 k - a potion of magic
 q - 2 potions of attraction


   Skills:
 + Level 3.9 Fighting
 * Level 3.7 Long Blades
 * Level 1.7 Throwing
 - Level 2.6 Armour
 - Level 2.6 Shields


You had 4 spell levels left.
You didn't know any spells.
Your spell library contained the following spells:

 Spells                   Type           Power      Damage    Failure   Level
 Static Discharge         Conj/Air       0%         3-3/arc   96%         2
 Dispel Undead            Necr           0%         3d6       100%        4
 Sticky Flame             Conj/Fire      0%         2d3       100%        4


Dungeon Overview and Level Annotations

Branches:
Dungeon (4/15)
 Temple: D:4-7

Altars:
Okawaru


Innate Abilities, Weirdness & Mutations

You are partially covered in thin metallic scales. (AC +2)
((A weak demonic guardian rushes to your aid.))
You have a small tail.


Message History

A frilled lizard and an orc come into view.
Found a scroll of identify.
The frilled lizard hisses angrily.
The orc shouts!
There are monsters nearby!
You slash the orc!
You kill the orc!
Okawaru accepts your kill.
You slash the frilled lizard!
You kill the frilled lizard!
Okawaru accepts your kill.
No target in view!
No target in view!
You see here a frilled lizard corpse.
s - a scroll of identify
As you read the scroll of identify, it crumbles to dust.
q - 2 potions of attraction Done exploring.
Done exploring.
No target in view!
Done exploring.
There is a stone staircase leading down here.
You climb downwards.
The ogre shouts!
There is a stone staircase leading up here.
An ogre is nearby!
You slash the ogre!
The ogre is moderately wounded.
The ogre hits you with a +0 giant club!!
Ouch! That really hurt!
You hit the ogre.
The ogre is moderately wounded.
The ogre hits you with a +0 giant club!
* * * LOW HITPOINT WARNING * * *
You closely miss the ogre. You tail-slap the ogre.
The ogre is heavily wounded.
You hit the ogre.
You tail-slap the ogre, but do no damage.
The ogre is severely wounded.
The ogre hits you with a +0 giant club!
You die...

# ... .
.....######....
#...@.......
##..O....#..
#..###### ##.
##


You could see an ogre.

Vanquished Creatures
  7 adders
  A worm (D:3)
  2 dart slugs
  5 orcs (D:3)
  5 bats
  6 endoplasms
  A giant cockroach (D:1)
  5 goblins
  5 hobgoblins
  11 jackals
  3 quokkas
  6 ball pythons
  A frilled lizard (D:3)
  5 kobolds
  4 rats
67 creatures vanquished.

Vanquished Creatures (others)
  A plant (D:2)
1 creature vanquished.

Grand Total: 68 creatures vanquished

Notes
Turn   | Place    | Note
-------+----------+-------------------------------------------
     0 | D:1      | LustLizard the Demonspawn Fighter began the quest for the
                  | Orb.
     0 | D:1      | Reached XP level 1. HP: 18/18 MP: 1/1
   165 | D:1      | Gained mutation: You are partially covered in thin metallic
                  | scales. (AC +2) [demonic ancestry]
   165 | D:1      | Reached XP level 2. HP: 24/24 MP: 2/2
  1056 | D:2      | Gained mutation: A weak demonic guardian rushes to your
                  | aid. [demonic ancestry]
  1056 | D:2      | Reached XP level 3. HP: 22/29 MP: 3/3
  1997 | D:2      | Reached XP level 4. HP: 25/36 MP: 4/4
  2165 | D:2      | Found a faded altar of an unknown god.
  2386 | D:3      | Reached skill level 1 in Throwing
  2624 | D:3      | Found an iron altar of Okawaru.
  2632 | D:3      | Became a worshipper of Warmaster Okawaru
  2822 | D:3      | Gained mutation: You have a small tail. [demonic ancestry]
  2822 | D:3      | Reached XP level 5. HP: 39/42 MP: 5/5
  3133 | D:4      | Noticed an ogre
  3137 | D:4      | Mangled by an ogre

Illustrated notes

Levels and vault maps discovered:
D:1:      lemuel_arrival_lava_pool, layout_basic
D:2:      layout_basic, shapermc_ecumenical_altar_petra
D:3:      layout_rooms, mainiacjoe_overflow_small_starburst,
          minmay_misc_feat_roman, minivault_11
D:4:      layout_cave_pods, minitemple, uniq_grinder, uniq_blork_the_orc,
          uniq_menkaure

Skill      XL: |  1  2  3  4 |
---------------+-------------+-----
Long Blades    | 2 3 |  3.7
Throwing       | 1 |  1.7
Fighting       | |  3.9
Armour         | |  2.6
Shields        | |  2.6

Action                   |  1- 3 |  4- 6 || total
-------------------------+-------+-------++-------
Melee: Long sword        |   144 |    86 ||   230
       Tailslap          |       |     3 ||     3
Throw: Stone             |       |     5 ||     5
       Dart              |       |     3 ||     3
  Use: Scroll            |       |     4 ||     4
Armor: Scale mail        |    87 |    49 ||   136
Dodge: Dodged            |    64 |    39 ||   103
Block: Buckler           |    33 |    25 ||    58
